AoeStats
← Heredero

Golden Pit

508073013Analyzed
1v1 RM · 10d ago on Sep 20, 2026· 44m 39s· 2 players
Game mode
Random Map
Map size
Tiny (2 player)
Population
200
Speed
Normal
Resources
Standard
Victory
Conquest
Starting age
Dark Age
Ending age
Imperial Age
RankedLock teamsTeams togetherTeam positionsShared explorationLock speedFull tech treeHidden civsTurbo modeCheats
Victory
Defeat
🇨🇱 Portuguese · Chile
1374
+15
🇦🇷 Chinese · Argentina
1344
-15
Heredero
0:27 Loom
9:30 Feudal Age
10:03 Double-Bit Axe
21:36 Castle Age
19:34 Horse Collar
19:47 Gold Mining
21:25 Fletching
30:27 Bodkin Arrow
33:18 Town Watch
39:07 Imperial Age
37:27 Ballistics
37:12 Padded Archer Armor
38:37 Wheelbarrow
40:20 Conscription
40:25 Bracer
41:27 Chemistry
41:00 Leather Archer Armor
West Ryder
7:05 Loom
9:30 Feudal Age
9:59 Double-Bit Axe
11:19 Town Watch
11:23 Horse Collar
16:57 Wheelbarrow
21:04 Castle Age
19:24 Fletching
19:44 Padded Archer Armor
20:19 Gold Mining
21:08 Crossbowman
21:48 Bodkin Arrow
23:13 Thumb Ring
24:58 Leather Archer Armor
29:12 Husbandry
29:22 Bloodlines
31:16 Hand Cart
36:10 Imperial Age
34:41 Bow Saw
34:57 Ballistics
35:37 Masonry
35:50 Heavy Plow
35:46 Elite Skirmisher
37:06 Bracer
36:34 Light Cavalry
37:49 Scale Barding Armor
37:54 Forging
40:50 Chain Barding Armor
40:30 Treadmill Crane
40:51 Capped Ram
42:46 Ring Archer Armor
44:06 Guard Tower
Connection lost

Rejoining the realm…

Still unreachable

The connection could not be restored.

Session expired

The server has moved on; the page needs a fresh start.